 Dungeon Crawl Stone Soup version 0.29.1-2-gbd0b4ee654 (webtiles) character file.

Game seed: 878121751894514584

12 mcbry74 the Trooper (level 2, 0/27 HPs)
             Began as a Hill Orc Fighter on Nov 2, 2022.
             Succumbed to a kobold's poison
             ... on level 1 of the Dungeon.
             The game lasted 00:00:59 (563 turns).

mcbry74 the Trooper (Hill Orc Fighter)               Turns: 563, Time: 00:00:59

Health: 0/27       AC:  8    Str: 18    XL:     2   Next: 33%
Magic:  2/2        EV:  9    Int:  8    God:
Gold:   47         SH:  4    Dex: 10    Spells: 1/1 levels left

rFire   . . .      SeeInvis .   a - +0 war axe
rCold   . . .      Faith    .   c - +0 buckler
rNeg    . . .      Spirit   .   b - +0 scale mail
rPois   .          Reflect  .   g - +0 helmet
rElec   .          Harm     .   (no cloak)
rCorr   .          Rampage  .   (no gloves)
Will    .....                   (no boots)
Stlth   ..........              (no amulet)
HPRegen 0.09/turn               (no ring)
MPRegen 0.08/turn               (no ring)

@: lethally poisoned (0 -> -5)
A: no striking features
a: no special abilities


You were on level 1 of the Dungeon.
You visited 1 branch of the dungeon, and saw 1 of its levels.

You collected 47 gold pieces.

Inventory:

Hand Weapons
 a - a +0 war axe (weapon)
Missiles
 h - a throwing net (quivered)
Armour
 b - a +0 scale mail (worn)
 c - a +0 buckler (worn)
 g - a +0 helmet (worn)
Scrolls
 e - a scroll of teleportation {unknown}
 f - a scroll of poison {unknown}
Potions
 d - a potion of might


   Skills:
 + Level 3.8 Fighting
 * Level 3.2 Axes
 + Level 3.4 Armour
 + Level 3.4 Shields


You had one spell level left.
You didn't know any spells.
Your spell library was empty.

Dungeon Overview and Level Annotations

Branches:
Dungeon (1/15)

Altars:


Message History

The kobold hits you but does no damage.
You hit the kobold.
The kobold is severely wounded.
The kobold hits you but does no damage. x2
You slash the kobold!
You kill the kobold!
h - a throwing net
There are no items here.
i - a fizzy red potion A kobold comes into view.
It is wielding a +2 dagger of venom.
The kobold shouts!
You hit the kobold.
The kobold is severely wounded.
The kobold hits you but does no damage.
You are poisoned.
You hit the kobold but do no damage.
The kobold is heavily wounded.
You feel very sick. The kobold hits you but does no damage.
You are more poisoned.
The kobold barely misses you.
You hit the kobold but do no damage.
The kobold is heavily wounded.
You feel very sick. The kobold hits you but does no damage.
You are lethally poisoned!
You feel very sick.
The kobold throws a stone.
The stone closely misses you.
You feel very sick.
* * * LOW HITPOINT WARNING * * *
You feel very sick.
* * * LOW HITPOINT WARNING * * *
You feel very sick.
* * * LOW HITPOINT WARNING * * *
You feel sick.
Unknown command.
It was a potion of magic.
Magic courses through your body.
* * * LOW HITPOINT WARNING * * *
You feel sick.
The kobold throws a stone.
The stone closely misses you.
You die...

#........#..........#
........#..#...)......
##.##...#..#....)..#.##
#.####...#....###.# #.#
#..#..#.## .#
#.####.#).#..# .
........†#...# .
#.###...#..#.# >. #.#
#.@......#
#.###.###........#
#......K.......###
#.###.###.####.# #.#
#.# .# #.# #.# .. ...
..# ### ##.##### #..


You could see a kobold.

Vanquished Creatures
  A bat (D:1)
  A goblin (D:1)
  2 hobgoblins (D:1)
  2 kobolds (D:1)
  A quokka (D:1)
  A frilled lizard (D:1)
  3 rats (D:1)
11 creatures vanquished.

Notes
Turn   | Place    | Note
-------+----------+-------------------------------------------
     0 | D:1      | mcbry74 the Hill Orc Fighter began the quest for the Orb.
     0 | D:1      | Reached XP level 1. HP: 19/19 MP: 1/1
   203 | D:1      | Found a faded altar of an unknown god.
   527 | D:1      | Reached XP level 2. HP: 27/27 MP: 2/2
   562 | D:1      | HP: 1/27 [poisoned by a kobold]
   563 | D:1      | Succumbed to a kobold's poison

Illustrated notes

Levels and vault maps discovered:
D:1:      minmay_arrival_split_and_join, layout_loops_ring,
          ebering_ecumenical_altar_rust, minmay_misc_feat_diagonals,
          minmay_liquid_box

Skill      XL: |  1 |
---------------+----+-----
Axes           | 3 |  3.2
Fighting       | |  3.8
Armour         | |  3.4
Shields        | |  3.4

Action                   || total
-------------------------++-------
Melee: War axe           ||    28
  Use: Potion            ||     1
Armor: Scale mail        ||    21
Dodge: Dodged            ||    11
Block: Buckler           ||     9
